 Dungeon Crawl Stone Soup version 0.21.1-1-g345015fe64 (webtiles) character file.

11 Lothor the Grasshopper (level 2, 0/26 HPs)
             Began as a Naga Warper on Mar 21, 2018.
             Slain by a giant cockroach (2 damage)
             ... on level 1 of the Dungeon.
             The game lasted 00:01:48 (342 turns).

Lothor the Grasshopper (Naga Warper)                 Turns: 342, Time: 00:01:49

Health: 0/26       AC:  2    Str: 13    XL:     2   Next: 25%
Magic:  5/5        EV:  9    Int: 13    God:
Gold:   5          SH:  0    Dex: 10    Spells: 5/5 levels left

rFire    . . .     SeeInvis +   a - +0 falchion
rCold    . . .     Gourm    .   (no shield)
rNeg     . . .     Faith    .   b - +0 leather armour
rPois    +         Spirit   .   (no helmet)
rElec    .         Reflect  .   (no cloak)
rCorr    .         Harm     .   (no gloves)
MR       .....                  (no barding)
Stlth    +.........             (no amulet)
HPRegen  0.08/turn              (no ring)
MPRegen  0.09/turn              (no ring)

@: short of breath, very slow
A: large, see invisible, deformed body, poison resistance, slowness 2, slow
metabolism 1, spit poison 1, AC +0
a: Spit Poison


You were on level 1 of the Dungeon.
You were not hungry.

You visited 1 branch of the dungeon, and saw 1 of its levels.

You collected 5 gold pieces.

Inventory:

Hand Weapons
 a - a +0 falchion (weapon)
Missiles
 e - 5 tomahawks of dispersal (quivered)
Armour
 b - a +0 leather armour (worn)
Jewellery
 h - a cursed ring of loudness {unknown}
 i - a cursed ring of teleportation {unknown}
Scrolls
 d - a scroll of blinking
Books
 c - a book of Spatial Translocations

   Spells                             Type                      Level
   a - Blink                          Translocation                2
   b - Shroud of Golubria             Charms/Translocation         2
   c - Lesser Beckoning               Translocation                3
   d - Gell's Gravitas                Translocation                3
   e - Teleport Other                 Translocation                3
   f - Passage of Golubria            Translocation                4
Comestibles
 f - 2 rations
 g - 4 chunks of flesh


   Skills:
 - Level 2.0 Fighting
 * Level 2.9 Long Blades
 - Level 0.8 Throwing
 - Level 0.7 Armour
 - Level 1.5 Dodging
 - Level 2.0 Spellcasting
   Level 3.0 Translocations


You had 5 spell levels left.
You didn't know any spells.

Dungeon Overview and Level Annotations

Branches:
Dungeon (1/15)

Altars:


Innate Abilities, Weirdness & Mutations

You cannot wear boots.
Your serpentine skin is tough. (AC +0)
You have supernaturally acute eyesight. (SInv)
Armour fits poorly on your strangely shaped body.
Your system is resistant to poisons. (rPois)
You cover ground very slowly.
You have a slow metabolism.
You can spit poison.


Message History

The frilled lizard bites you. The giant cockroach barely misses you.
You closely miss the frilled lizard. The giant cockroach bites you.
The frilled lizard bites you.
You closely miss the frilled lizard. The leopard gecko barely misses you.
You riposte.
You hit the leopard gecko.
The leopard gecko is lightly wounded.
The giant cockroach bites you but does no damage.
The frilled lizard bites you but does no damage.
The leopard gecko bites you.
* * * LOW HITPOINT WARNING * * *
The giant cockroach bites you but does no damage.
Press: ? - help, Shift-Dir - straight line, f - frilled lizard
Aim: a frilled lizard The splash of poison hits the frilled lizard.
The frilled lizard is poisoned.
You kill the frilled lizard!
You feel slightly more hungry. The leopard gecko bites you.
* * * LOW HITPOINT WARNING * * *
The giant cockroach bites you.
You die...

#########
........######
######........ ########
#........ #......#
####........ #h.....#
###......##### #lsh...#
#...###### #@#.####
..######
####.#l########
........
..........lhg..#
....####
####.#..###h..###..
....#
..................
....#
###...##...####....
##..##
##.####..###.######....
#....
...?.......?g....... ..
......
.................##.


You could see a leopard gecko, 2 jackals and a giant cockroach.

Vanquished Creatures
  A dart slug (D:1)
  A bat (D:1)
  2 goblins (D:1)
  A hobgoblin (D:1)
  A jackal (D:1)
  2 frilled lizards (D:1)
  A rat (D:1)
9 creatures vanquished.

Notes
Turn   | Place    | Note
-------+----------+-------------------------------------------
     0 | D:1      | Lothor the Naga Warper began the quest for the Orb.
     0 | D:1      | Reached XP level 1. HP: 19/19 MP: 3/3
   255 | D:1      | Reached XP level 2. HP: 26/26 MP: 5/5
   342 | D:1      | Slain by a giant cockroach

Action                   || total
-------------------------++-------
Melee: Falchion          ||    10
 Abil: Spit Poison       ||     8
Armor: Leather armour    ||     8
Dodge: Dodged            ||    16
       Rpst.: Falchion   ||     7
